 Dungeon Crawl Stone Soup version 0.29.1-1-gd02db6906a (webtiles) character file.

Game seed: 12650416733740576382

19 GigaChad the Trooper (level 2, 0/31 HPs)
             Began as a Troll Fighter on Oct 3, 2022.
             Succumbed to an adder's poison
             ... on level 2 of the Dungeon.
             The game lasted 00:02:06 (535 turns).

GigaChad the Trooper (Troll Fighter)                 Turns: 535, Time: 00:02:07

Health: 0/31       AC:  4    Str: 23    XL:     2   Next: 55%
Magic:  1/1        EV:  8    Int:  4    God:
Gold:   16         SH:  7    Dex:  9    Spells: 1/1 levels left

rFire   . . .      SeeInvis .   g - +0 long sword
rCold   . . .      Faith    .   b - +0 kite shield
rNeg    . . .      Spirit   .   a - +0 robe
rPois   .          Reflect  .   (helmet restricted)
rElec   .          Harm     .   (no cloak)
rCorr   .          Rampage  .   (gloves unavailable)
Will    .....                   (boots unavailable)
Stlth   +.........              (no amulet)
HPRegen 0.90/turn               (no ring)
MPRegen 0.07/turn               (no ring)

@: lethally poisoned (0 -> -5)
A: large, unfitting armour, claws 3, regeneration 1, shaggy fur 1, tough skin 1
a: no special abilities


You were on level 2 of the Dungeon.
You visited 1 branch of the dungeon, and saw 2 of its levels.

You collected 16 gold pieces.

Inventory:

Hand Weapons
 g - a +0 long sword (weapon)
Armour
 a - a +0 robe (worn)
 b - a +0 kite shield (worn)
 e - a +0 chain mail
Jewellery
 d - a ring of protection from fire
 h - an amulet of magic regeneration
Potions
 c - a potion of might
 f - a potion of curing {unknown}


   Skills:
 + Level 3.1 Fighting
 - Level 2.4 Dodging
 - Level 2.7 Shields
 - Level 2.0 Unarmed Combat


You had one spell level left.
You didn't know any spells.
Your spell library contained the following spells:

 Spells                   Type           Power      Damage    Failure   Level
 Sting                    Tmut/Pois      0%         1d3       80%         1
 Poisonous Vapours        Pois/Air       0%         N/A       91%         2
 Olgreb's Toxic Radiance  Pois           0%         N/A       100%        4


Dungeon Overview and Level Annotations

Branches:
Dungeon (2/15)

Altars:


Innate Abilities, Weirdness & Mutations

You are too large for most types of armour.
You have claws for hands.
Your natural rate of healing is unusually fast.
You are covered in fur. (AC +1)
You have tough skin. (AC +1)


Message History

The kobold misses you. The adder bites you.
You are more poisoned.
The adder poisons you!
You hit the kobold.
You kill the kobold!
You feel very sick. The adder bites you.
You are more poisoned.
The adder poisons you!
A quokka comes into view.
You block the hobgoblin's attack.
An endoplasm comes into view.
The adder barely misses you. The hobgoblin hits you.
The endoplasm hits you but does no damage.
You closely miss the adder.
You feel very sick. You block the adder's attack.
You block the hobgoblin's attack.
The endoplasm jiggles.
The endoplasm hits you but does no damage.
The adder bites you but does no damage.
You miss the adder.
You feel very sick. The adder bites you.
You are more poisoned.
The adder poisons you! The hobgoblin hits you.
The endoplasm hits you but does no damage.
The adder bites you but does no damage. You block the hobgoblin's attack.
The endoplasm hits you.
* * * LOW HITPOINT WARNING * * *
You miss the adder.
You feel very sick. The adder bites you.
* * * LOW HITPOINT WARNING * * *
You are lethally poisoned!
The adder poisons you! The hobgoblin barely misses you.
The endoplasm closely misses you. The adder bites you.
* * * LOW HITPOINT WARNING * * *
You slash the adder!
The adder is severely wounded.
You die...

.(. # ... . .#
..#....#
#.#[#>.
#.#####.....
....#.#.##.## #
#..rJ...... #.
#.gS###....
#.###..@J......
#......####.$..
###†.#.# ..
#..#.# #<..#.
#..#.## .......
##...#### #....


You could see an adder, 2 endoplasms, a quokka and a hobgoblin.

Vanquished Creatures
  A ball python (D:1)
  4 endoplasms
  2 giant cockroaches
  A goblin (D:1)
  2 hobgoblins (D:1)
  4 bats (D:1)
  A frilled lizard (D:1)
  3 kobolds
18 creatures vanquished.

Vanquished Creatures (others)
  4 toadstools (D:1)
4 creatures vanquished.

Grand Total: 22 creatures vanquished

Notes
Turn   | Place    | Note
-------+----------+-------------------------------------------
     0 | D:1      | GigaChad the Troll Fighter began the quest for the Orb.
     0 | D:1      | Reached XP level 1. HP: 22/22 MP: 0/0
   239 | D:1      | Found a faded altar of an unknown god.
   291 | D:1      | Reached XP level 2. HP: 27/29 MP: 1/1
   342 | D:1      | Reached skill level 3 in Fighting
   535 | D:2      | Succumbed to an adder's poison

Illustrated notes

Levels and vault maps discovered:
D:1:      ldierk_water_garden, layout_basic, basic_ecumenical_altar
D:2:      wander_river, layout_loops_ring

Skill      XL: |  1  2 |
---------------+-------+-----
Fighting       | 3 |  3.1
Dodging        | |  2.4
Shields        | |  2.7
Unarmed Combat | |  2.0

Action                   || total
-------------------------++-------
Melee: Unarmed           ||    41
       Long sword        ||    15
  Use: Scroll            ||     1
 Stab: Sleeping          ||     1
Armor: Robe              ||    43
Dodge: Dodged            ||    42
Block: Kite shield       ||    46
